 Dungeon Crawl Stone Soup version 0.28-a0-69-g49dcd67cf8 (webtiles) character file.

Game seed: 2253649932367447273

343 MovingMist the Covered (level 6, 0/39 HPs)
             Began as a Gargoyle Fighter on July 31, 2021.
             Was a Follower of Okawaru.
             Slain by a killer bee (2 damage)
             ... in the Ecumenical Temple.
             The game lasted 00:04:21 (3377 turns).

MovingMist the Covered (Gargoyle Fighter)           Turns: 3377, Time: 00:04:21

Health: 0/39       AC: 18    Str: 21    XL:     6   Next: 57%
Magic:  6/6        EV:  4    Int:  9    God:    Okawaru [*.....]
Gold:   76         SH:  9    Dex:  9    Spells: 5/5 levels left

rFire   . . .      SeeInvis .   i - +2 short sword (venom)
rCold   . . .      Faith    .   c - +0 kite shield
rNeg    + . .      Spirit   .   r - +0 plate armour
rPois   ∞          Reflect  .   (no helmet)
rElec   +          Harm     .   (no cloak)
rCorr   .          Rampage  .   p - +0 pair of gloves
Will    .....                   (no boots)
Stlth   ..........              (no amulet)
HPRegen 0.13/turn               (no ring)
MPRegen 0.10/turn               (no ring)

@: no status effects
A: sickness immunity, AC +4, negative energy resistance 1, electricity
resistance, torment resistance 1, petrification resistance
a: Renounce Religion, Heroism


You were in the Ecumenical Temple.
You worshipped Okawaru.
Okawaru was aware of your devotion.
You visited 2 branches of the dungeon, and saw 5 of its levels.

You collected 76 gold pieces.

Inventory:

Hand Weapons
 a - a +0 flail
 i - a +2 short sword of venom (weapon)
Armour
 c - a +0 kite shield (worn)
 p - a +0 pair of gloves (worn)
 r - a +0 plate armour (worn)
Wands
 m - a wand of flame (2)
Scrolls
 f - 3 scrolls of identify {unknown}
 g - 2 scrolls of enchant armour {unknown}
 h - a scroll of noise {unknown}
 j - a scroll of immolation {unknown}
 k - 3 scrolls of magic mapping {unknown}
 l - a scroll of holy word {unknown}
 q - a scroll of acquirement {unknown}
Potions
 b - a potion of mutation {unknown}
 d - a potion of might
 e - a potion of haste {unknown}
 n - 2 potions of degeneration {unknown}
 o - a potion of heal wounds {unknown}
 s - a potion of invisibility {unknown}


   Skills:
 + Level 4.5 Fighting
 + Level 3.4 Maces & Flails
 * Level 5.5 Armour
 + Level 2.1 Dodging
 - Level 3.2 Shields


You had 5 spell levels left.
You didn't know any spells.
Your spell library contained the following spells:

 Spells                   Type           Power      Damage    Failure   Level
 Sting                    Tmut/Pois      0%         1d3       100%        1
 Blink                    Tloc           N/A        N/A       100%        2
 Passage of Golubria      Tloc           N/A        N/A       100%        4
 Manifold Assault         Tloc           0%         N/A       100%        5
 Silence                  Hex/Air        0%         N/A       100%        5
 Storm Form               Tmut/Air       0%         N/A       100%        7
 Lehudib's Crystal Spear  Conj/Erth      0%         10d2      100%        8


Dungeon Overview and Level Annotations

Branches:
Dungeon (4/15)             Temple (1/1) D:4

Altars:
Fedhas
Gozag
Kikubaaqudgha
Nemelex Xobeh
Okawaru
Qazlal
Trog
Vehumet

Shops:
D:3 :

Annotations:
D:2 1 runed translucent door, Crazy Yiuf
D:3 1 runed translucent door, solarlight's ghost, amateur MfGl


Innate Abilities, Weirdness & Mutations

You are immune to sickness and miasma.
Your stone body is resilient. (AC +4)
You are immune to poison.
You resist negative energy. (rN+)
You are resistant to electric shocks. (rElec)
You are resistant to unholy torment.
You are immune to petrification.


Message History

The killer bee stings you but does no damage.
You closely miss the killer bee.
The killer bee is heavily wounded.
The killer bee stings you but does no damage. x2
The killer bee stings you.
The killer bee stings you but does no damage.
You block the killer bee's attack. The killer bee stings you.
The killer bee stings you but does no damage.
You block the killer bee's attack. The killer bee stings you.
* * * LOW HITPOINT WARNING * * *
The killer bee stings you but does no damage.
The killer bee stings you.
* * * LOW HITPOINT WARNING * * *
The killer bee stings you but does no damage. x2
You kill the killer bee!
Okawaru accepts your kill.
You can now gain great but temporary skills.
The killer bee stings you but does no damage.
The killer bee barely misses you. The killer bee stings you.
* * * LOW HITPOINT WARNING * * *
You closely miss the killer bee.
The killer bee stings you but does no damage. x2
You block the killer bee's attack.
The killer bee stings you but does no damage.
You miss the killer bee. You block the killer bee's attack.
The killer bee stings you but does no damage.
The killer bee stings you.
* * * LOW HITPOINT WARNING * * *
You block the killer bee's attack.
The killer bee stings you but does no damage. x2
You closely miss the killer bee. The killer bee barely misses you.
The killer bee stings you but does no damage. x2
The killer bee stings you.
* * * LOW HITPOINT WARNING * * *
The killer bee stings you but does no damage.
You miss the killer bee. You block the killer bee's attack.
The killer bee stings you.
You die...

##### #...# #.<†#
#####†..#####
#...##.##...#
#._@y....._.#
#..y#...#...#
#####._.##### #
#...#...#...# .#
#.⌠.##.##.⌠.# ..#.
#...........##....
.#####._.#####...#
... #...##....⌠.
#...##.##...#


You could see 2 killer bees.

Vanquished Creatures
  Blork the orc (D:4)
  3 killer bees (Temple)
  Jessica (D:2)
  3 adders
  A white imp (D:3)
  3 worms
  4 dart slugs
  2 orcs (D:3)
  6 endoplasms
  2 giant cockroaches
  6 hobgoblins
  7 jackals
  7 kobolds
  7 quokkas
  5 ball pythons
  7 bats
  5 frilled lizards
  4 goblins
  3 rats
77 creatures vanquished.

Vanquished Creatures (others)
  2 withered plants (D:3)
2 creatures vanquished.

Grand Total: 79 creatures vanquished

Notes
Turn   | Place    | Note
-------+----------+-------------------------------------------
     0 | D:1      | MovingMist the Gargoyle Fighter began the quest for the
                  | Orb.
     0 | D:1      | Reached XP level 1. HP: 14/14 MP: 1/1
    55 | D:1      | Reached XP level 2. HP: 3/19 MP: 2/2
   672 | D:1      | Found a faded altar of an unknown god.
   675 | D:1      | Got Plato's Incunabulum of Poisoning
   708 | D:1      | Reached XP level 3. HP: 23/23 MP: 3/3
   915 | D:2      | Reached skill level 4 in Armour
  1163 | D:2      | Noticed Jessica
  1169 | D:2      | Reached skill level 1 in Dodging
  1182 | D:2      | Killed Jessica
  1183 | D:2      | Reached XP level 4. HP: 7/29 MP: 4/4
  1677 | D:2      | Found a runed translucent door.
  1678 | D:2      | Noticed Crazy Yiuf
  2079 | D:3      | Found a sparkling altar of Nemelex Xobeh.
  2190 | D:3      | Found an ancient bone altar of Kikubaaqudgha.
  2357 | D:3      | Reached XP level 5. HP: 32/33 MP: 5/5
  2819 | D:3      | Found Yvetushre's Book Shoppe.
  2852 | D:3      | Found a runed translucent door.
  2853 | D:3      | Noticed solarlight's ghost (amateur MfGl)
  3199 | D:4      | Found a staircase to the Ecumenical Temple.
  3206 | D:4      | Noticed Blork the orc
  3208 | Temple   | Entered the Ecumenical Temple
  3232 | Temple   | Became a worshipper of Warmaster Okawaru
  3261 | D:4      | Killed Blork the orc
  3262 | D:4      | Reached skill level 5 in Armour
  3284 | Temple   | Reached XP level 6. HP: 28/39 MP: 6/6
  3371 | Temple   | Reached * piety under Okawaru
  3377 | Temple   | Slain by a killer bee

Illustrated notes

Levels and vault maps discovered:
D:1:      evilmike_arrival_crescent, layout_rooms,
          shapermc_ecumenical_altar_rom_forum, serial_bayou_crossing
D:2:      layout_loops_ring, minmay_vboxes, uniq_crazy_yiuf_cottage,
          uniq_jessica
D:3:      layout_basic, nicolae_overflow_crystal_walls,
          mainiacjoe_overflow_catwalk, serial_shops, shop,
          gammafunk_ghost_grave, minmay_distorted
D:4:      layout_basic, riverfiend_overflow_shadow_ancestor, temple_statues,
          uniq_natasha, uniq_ijyb, uniq_blork_the_orc
Temple:   eino_wide_crystal_templ

Skill      XL: |  1  2  3  4  5  6 |
---------------+-------------------+-----
Armour         | 4 5 |  5.5
Dodging        | 1 2 |  2.1
Fighting       | 4 |  4.5
Maces & Flails | 3 |  3.4
Shields        | |  3.2

Action                   |  1- 3 |  4- 6 || total
-------------------------+-------+-------++-------
Melee: Flail             |    54 |       ||    54
       Short sword       |    35 |   112 ||   147
Armor: Scale mail        |    53 |    24 ||    77
       Plate armour      |       |    72 ||    72
Dodge: Dodged            |    28 |    32 ||    60
Block: Kite shield       |    49 |    67 ||   116

Table legend: (Time is in decaauts)
 A = Elapsed time spent in this place.
 B = Non-inter-level travel time spent in this place.
 C = Inter-level travel time spent in this place.
 D = Time resting spent in this place.
 E = Time spent auto-exploring this place.
 F = Levels seen in this place.
 G = Mean time per level.
                   A        B        C        D        E       F      G
               +--------+--------+--------+--------+--------+-----+--------+
         Total |   3467 |   3327 |    140 |    679 |   2051 |   5 |  693.4 |
       Dungeon |   3326 |   3186 |    140 |    601 |   2036 |   4 |  831.5 |
        Temple |    140 |    140 |      0 |     78 |     15 |   1 |  140.0 |
               +--------+--------+--------+--------+--------+-----+--------+

Top non-repeatable levels by time:
     D:2: 1215 daAuts
     D:3: 1150 daAuts
     D:1: 910 daAuts
  Temple: 140 daAuts
     D:4: 50 daAuts
